 Dungeon Crawl Stone Soup version 0.18-a0-1229-ge9a1a01 (webtiles) character file.

132 JustSomeDude the Skirmisher (level 4, 0/37 HPs)
             Began as a Demonspawn Fighter on Feb 4, 2016.
             Succumbed to an adder's poison
             ... on level 4 of the Dungeon.
             The game lasted 00:03:21 (1467 turns).

JustSomeDude the Skirmisher (Demonspawn Fighter)    Turns: 1467, Time: 00:03:21

Health: 0/37       AC: 10    Str: 18    XL:     4   Next: 92%
Magic:  4/4        EV:  5    Int:  9    God:
Gold:   100        SH:  9    Dex: 12    Spells: 0 memorised, 3 levels left

rFire  . . .     SeeInvis .     a - +0 war axe
rCold  . . .     Gourm    .     p - +0 chain mail
rNeg   . . .     Faith    .     c - +0 shield
rPois  .         Spirit   .     (no helmet)
rElec  .         Dismiss  .     (no cloak)
rCorr  .         Reflect  .     (no gloves)
SustAt .         Harm     .     (no boots)
MR     .....                    (no amulet)
Stlth  ..........               (no ring)
                                (no ring)

@: lethally poisoned (0 -> -2), not resistant to hostile enchantments, extremely
unstealthy
A: molten scales 1, powered by death 1
a: no special abilities


You were on level 4 of the Dungeon.
You were not hungry.

You visited 1 branch of the dungeon, and saw 4 of its levels.

You collected 100 gold pieces.

Inventory:

Hand Weapons
 a - a +0 war axe (weapon)
Missiles
 m - 5 javelins (quivered)
Armour
 c - a +0 shield (worn)
 p - a +0 chain mail (worn)
Jewellery
 b - an uncursed ring of see invisible {unknown}
 x - a cursed ring of loudness {unknown}
 y - a cursed ring of loudness {unknown}
Wands
 r - a wand of polymorph (9/24)
Scrolls
 e - 2 scrolls of identify {unknown}
 h - a scroll of fog {unknown}
 i - 2 scrolls of magic mapping {unknown}
 j - a scroll of teleportation {unknown}
 k - 4 scrolls of fear {unknown}
 l - a scroll of noise {unknown}
 q - a scroll of blinking {unknown}
 s - a scroll of remove curse {unknown}
 w - a scroll of enchant weapon {unknown}
Potions
 d - a potion of might
 u - a potion of magic {unknown}
 z - a potion of heal wounds {unknown}
Comestibles
 f - 2 bread rations
 g - a beef jerky
 n - 2 meat rations


   Skills:
 + Level 3.7 Fighting
 + Level 2.6 Axes
 + Level 3.2 Armour
 + Level 1.2 Dodging
 + Level 3.4 Shields


You had 3 spell levels left.
You didn't know any spells.

Dungeon Overview and Level Annotations

Branches:
Dungeon (4/15)
 Temple: D:4-7

Altars:
Cheibriados
Kikubaaqudgha
Makhleb
Yredelemnul


Innate Abilities, Weirdness & Mutations

You are partially covered in molten scales (AC +1).
You regenerate a little health from kills.


Message History

Unknown command.
You closely miss the adder.
The adder is almost dead.
You feel sick. The adder bites you.
* * * LOW HITPOINT WARNING * * *
Unknown command.
Unknown command.
Unknown command.
Unknown command.
Unknown command.
Unknown command.
Unknown command.
You closely miss the adder.
The adder is almost dead.
The adder bites you.
* * * LOW HITPOINT WARNING * * *
You block the adder's attack.
Drink which item? (? for menu, Esc to quit)
It was a potion of cure mutation.
It has a very clean taste.
You die...

....#......
#...#....
#....... ...
#.....# ....
#.....+
..[..#..<..#
%..........#
...........#
.........@.#
.........S.#
.########..#
.... ....#
...>.#
......
........


You could see an adder.

Vanquished Creatures
  The ghost of ololoev the Magician, a weakling DEFE (D:4)
  4 adders
  A worm (D:2)
  A giant gecko (D:2)
  2 orcs (D:3)
  6 giant cockroaches
  5 goblins
  9 hobgoblins
  7 jackals
  3 kobolds
  2 quokkas
  4 bats
  A giant newt (D:1)
  6 rats
52 creatures vanquished.

Notes
Turn   | Place    | Note
--------------------------------------------------------------
     0 | D:1      | JustSomeDude the Demonspawn Fighter began the quest for the Orb.
     0 | D:1      | Reached XP level 1. HP: 18/18 MP: 1/1
   118 | D:1      | Gained mutation: You are partially covered in molten scales (AC +1). [demonic ancestry]
   118 | D:1      | Reached XP level 2. HP: 24/24 MP: 2/2
   458 | D:2      | Reached XP level 3. HP: 22/29 MP: 3/3
   911 | D:3      | Reached skill level 1 in Dodging
  1008 | D:3      | Gained mutation: You regenerate a little health from kills. [demonic ancestry]
  1008 | D:3      | Reached XP level 4. HP: 21/35 MP: 4/4
  1022 | D:3      | Found an ancient bone altar of Kikubaaqudgha.
  1025 | D:3      | Found a basalt altar of Yredelemnul.
  1028 | D:3      | Found a snail-covered altar of Cheibriados.
  1031 | D:3      | Found a burning altar of Makhleb.
  1437 | D:4      | Noticed ololoev's ghost (weakling DEFE)
  1458 | D:4      | Killed ololoev's ghost
  1466 | D:4      | HP: 1/37 [adder (4)]
  1467 | D:4      | Succumbed to an adder's poison

Vault maps used:
D:1:      lemuel_arrival_lava_pool, st_stairs_9
D:3:      grunt_temple_overflow_cloverleaf
D:4:      minmay_temple_entry_statues_pillars, serial_shops, shop, first_bread

Action                   |  1- 3 |  4- 6 || total
-------------------------+-------+-------++-------
Melee: War axe           |   153 |    69 ||   222
  Use: Potion            |       |     2 ||     2
  Eat: Chunk             |       |     2 ||     2
